TOP OF THE 1ST |
Tijuana Toros batting - Pitching for Calgary Flames : LHP Tony Duque
|
Pitching: LHP Tony Duque
|
|
Batting: SHB Erick Hamburger
|
0-0: Ground out 4-3 (Groundball, 4D, EV 86.9 MPH)
|
Batting: RHB Guo Kwok
|
0-0: Called Strike 0-1: Swinging Strike 0-2: Ball 1-2: Strikes out swinging
|
Batting: RHB John Hanson
|
0-0: Ball 1-0: Foul Ball, location: 2F 1-1: Fly out, F7 (Flyball, 78D, EV 110.0 MPH)
|
Top of the 1st over - 0 runs, 0 hits, 0 errors, 0 left on base; Tijuana 0 - Calgary 0 |
BOTTOM OF THE 1ST |
Calgary Flames batting - Pitching for Tijuana Toros : LHP Yok-sing Zhào
|
Pitching: LHP Yok-sing Zhào
|
|
Batting: LHB Garrett Dodge
|
0-0: Foul Ball, location: 2F 0-1: Ball 1-1: SINGLE (Line Drive, 4MD, EV 101.9 MPH)
|
Batting: RHB Andre Thompson
|
0-0: Ball 1-0: SINGLE (Groundball, 25, EV 81.2 MPH) (infield hit) Garrett Dodge to second
|
Batting: RHB Willie Torres
|
0-0: Called Strike 0-1: Ball 1-1: Ball 2-1: Ball 3-1: SINGLE (Groundball, 56S, EV 71.9 MPH) (infield hit) Garrett Dodge to third Andre Thompson to second
|
Batting: RHB Norinaga Yamakawakamatsu
|
0-0: Foul Ball, location: 2F 0-1: Ball 1-1: Ball 2-1: Fielders Choice at 2nd, 4-6 (Groundball, 4, EV 105.6 MPH) Garrett Dodge scores Andre Thompson to third
|
Batting: LHB Gary Corrales
|
0-0: Foul Ball, location: 2F 0-1: Swinging Strike 0-2: Strikes out swinging
|
Batting: LHB Ben Landry
|
0-0: Swinging Strike 0-1: Fly out, F8 (Flyball, 8RM, EV 89.4 MPH)
|
Bottom of the 1st over - 1 run, 3 hits, 0 errors, 2 left on base; Tijuana 0 - Calgary 1 |
TOP OF THE 2ND |
Tijuana Toros batting - Pitching for Calgary Flames : LHP Tony Duque
|
Batting: RHB Will Barksdale
|
0-0: Ball 1-0: Ball 2-0: Ball 3-0: Called Strike 3-1: Base on Balls
|
Batting: RHB Tan-ming Kwan
|
0-0: Foul Ball, location: 2F 0-1: Foul Ball, location: 2F 0-2: 2-RUN HOME RUN (Line Drive, 89XD, EV 100.6 MPH), Distance : 417 ft
|
Batting: RHB Jerry Afghani
|
0-0: Ball 1-0: Ground out 4-3 (Groundball, 4, EV 89.4 MPH)
|
Batting: RHB Shiki Nomoto
|
0-0: Ball 1-0: Ground out 6-3 (Groundball, 6, EV 102.5 MPH)
|
Batting: RHB Yok-sing Zhào
|
0-0: Called Strike 0-1: Swinging Strike 0-2: Strikes out swinging
|
Top of the 2nd over - 2 runs, 1 hit, 0 errors, 0 left on base; Tijuana 2 - Calgary 1 |
BOTTOM OF THE 2ND |
Calgary Flames batting - Pitching for Tijuana Toros : LHP Yok-sing Zhào
|
Batting: RHB Peter Frankel
|
0-0: Ball 1-0: Fly out, F9 (Flyball, 89M, EV 82.5 MPH)
|
Batting: RHB Rod Johnson
|
0-0: Called Strike 0-1: Called Strike 0-2: Foul Ball, location: 2F 0-2: Strikes out swinging
|
Batting: RHB Pablo Henriquez
|
0-0: Called Strike 0-1: Ball 1-1: Swinging Strike 1-2: Ball 2-2: Ball 3-2: Strikes out swinging
|
Bottom of the 2nd over - 0 runs, 0 hits, 0 errors, 0 left on base; Tijuana 2 - Calgary 1 |
TOP OF THE 3RD |
Tijuana Toros batting - Pitching for Calgary Flames : LHP Tony Duque
|
Batting: RHB Mario Diaz
|
0-0: Ball 1-0: Ground out 6-3 (Groundball, 6, EV 80.6 MPH)
|
Batting: SHB Erick Hamburger
|
0-0: Ball 1-0: Called Strike 1-1: Ground out 6-3 (Groundball, 6, EV 103.8 MPH)
|
Batting: RHB Guo Kwok
|
0-0: Ball 1-0: Foul Ball, location: 2F 1-1: Called Strike 1-2: Strikes out swinging
|
Top of the 3rd over - 0 runs, 0 hits, 0 errors, 0 left on base; Tijuana 2 - Calgary 1 |
BOTTOM OF THE 3RD |
Calgary Flames batting - Pitching for Tijuana Toros : LHP Yok-sing Zhào
|
Batting: LHB Garrett Dodge
|
0-0: Ball 1-0: Ball 2-0: SINGLE (Groundball, 34D, EV 103.1 MPH)
|
Batting: RHB Andre Thompson
|
0-0: Ball 1-0: Ball 2-0: Called Strike 2-1: Swinging Strike 2-2: Ball 3-2: Strikes out swinging Garrett Dodge is caught stealing 2nd base 2-4 Batter strikes out.
|
Batting: RHB Willie Torres
|
0-0: Fly out, F2 (Popup, 2R, EV 96.9 MPH)
|
Bottom of the 3rd over - 0 runs, 1 hit, 0 errors, 0 left on base; Tijuana 2 - Calgary 1 |
TOP OF THE 4TH |
Tijuana Toros batting - Pitching for Calgary Flames : LHP Tony Duque
|
Batting: RHB John Hanson
|
0-0: Ball 1-0: DOUBLE (Flyball, 8LXD, EV 99.4 MPH)
|
Batting: RHB Will Barksdale
|
0-0: SINGLE (Line Drive, 89S, EV 108.8 MPH) John Hanson to third
|
Batting: RHB Tan-ming Kwan
|
0-0: Ball 1-0: Fly out, F8 (Flyball, 8LD, EV 99.4 MPH) Runner from 3rd tags up, SCORES, throw by CF
|
Batting: RHB Jerry Afghani
|
0-0: Called Strike 0-1: Foul Ball, location: 2F 0-2: Ball 1-2: Ball 2-2: Foul Ball, location: 2F 2-2: SINGLE (Groundball, 13S, EV 61.9 MPH) (infield hit) Will Barksdale to second
|
Batting: RHB Shiki Nomoto
|
0-0: 3-RUN HOME RUN (Flyball, 7D, EV 100.6 MPH), Distance : 397 ft
|
Batting: RHB Yok-sing Zhào
|
0-0: Ball 1-0: Swinging Strike 1-1: Foul Ball, location: 2F 1-2: Strikes out swinging
|
Batting: RHB Mario Diaz
|
0-0: Foul Ball, location: 2F 0-1: Called Strike 0-2: Foul Ball, location: 2F 0-2: SINGLE (Line Drive, 5D, EV 94.4 MPH)
|
Pitching: RHP Danny Araiza
|
|
Batting: SHB Erick Hamburger
|
0-0: Fly out, F9 (Flyball, 89S, EV 91.2 MPH)
|
Top of the 4th over - 4 runs, 5 hits, 0 errors, 1 left on base; Tijuana 6 - Calgary 1 |
BOTTOM OF THE 4TH |
Calgary Flames batting - Pitching for Tijuana Toros : LHP Yok-sing Zhào
|
Batting: RHB Norinaga Yamakawakamatsu
|
0-0: Called Strike 0-1: Foul Ball, location: 2F 0-2: Strikes out looking
|
Batting: LHB Gary Corrales
|
0-0: Called Strike 0-1: Ball 1-1: Fly out, F7 (Flyball, 78M, EV 78.8 MPH)
|
Batting: LHB Ben Landry
|
0-0: Ball 1-0: SINGLE (Groundball, 34D, EV 100.6 MPH)
|
Batting: RHB Peter Frankel
|
0-0: Called Strike 0-1: Called Strike 0-2: Foul Ball, location: 2F 0-2: Ball 1-2: Foul Ball, location: 2F 1-2: Foul Ball, location: 2F 1-2: Ball Ben Landry is caught stealing 2nd base 2-4
|
Bottom of the 4th over - 0 runs, 1 hit, 0 errors, 0 left on base; Tijuana 6 - Calgary 1 |
TOP OF THE 5TH |
Tijuana Toros batting - Pitching for Calgary Flames : RHP Danny Araiza
|
Batting: RHB Guo Kwok
|
0-0: Foul Ball, location: 2F 0-1: Fly out, F9 (Flyball, 89S, EV 90.6 MPH)
|
Batting: RHB John Hanson
|
0-0: Ball 1-0: Called Strike 1-1: Foul Ball, location: 2F 1-2: Ball 2-2: Ball 3-2: Fly out, F7 (Flyball, 7, EV 87.5 MPH)
|
Batting: RHB Will Barksdale
|
0-0: Ball 1-0: Ball 2-0: SINGLE (Groundball, 4, EV 95.0 MPH) (infield hit)
|
Batting: RHB Tan-ming Kwan
|
0-0: Called Strike 0-1: Swinging Strike 0-2: Foul Ball, location: 2F 0-2: Strikes out swinging
|
Top of the 5th over - 0 runs, 1 hit, 0 errors, 1 left on base; Tijuana 6 - Calgary 1 |
BOTTOM OF THE 5TH |
Calgary Flames batting - Pitching for Tijuana Toros : LHP Yok-sing Zhào
|
Batting: RHB Peter Frankel
|
0-0: Ball 1-0: Foul Ball, location: 2F 1-1: Called Strike 1-2: Strikes out swinging
|
Batting: RHB Rod Johnson
|
0-0: Ball 1-0: Ball 2-0: Called Strike 2-1: Swinging Strike 2-2: Strikes out swinging
|
Batting: RHB Pablo Henriquez
|
0-0: Foul Ball, location: 2F 0-1: Foul Ball, location: 2F 0-2: Strikes out swinging
|
Bottom of the 5th over - 0 runs, 0 hits, 0 errors, 0 left on base; Tijuana 6 - Calgary 1 |
TOP OF THE 6TH |
Tijuana Toros batting - Pitching for Calgary Flames : RHP Danny Araiza
|
Batting: RHB Jerry Afghani
|
0-0: Ball 1-0: Fly out, F7 (Line Drive, 7LM, EV 96.9 MPH)
|
Batting: RHB Shiki Nomoto
|
0-0: Foul Ball, location: 2F 0-1: SOLO HOME RUN (Line Drive, 7D, EV 102.5 MPH), Distance : 426 ft
|
Batting: RHB Yok-sing Zhào
|
0-0: Foul Ball, location: 2F 0-1: Ground out 6-3 (Groundball, 6M, EV 85.6 MPH)
|
Batting: RHB Mario Diaz
|
0-0: Swinging Strike 0-1: Ball 1-1: Ball 2-1: SOLO HOME RUN (Line Drive, 7D, EV 105.0 MPH), Distance : 416 ft
|
Batting: SHB Erick Hamburger
|
0-0: Swinging Strike 0-1: Ball 1-1: Foul Ball, location: 2F 1-2: Foul Ball, location: 2F 1-2: Ball 2-2: Foul Ball, location: 2F 2-2: Ball 3-2: Foul Ball, location: 2F 3-2: Strikes out looking
|
Top of the 6th over - 2 runs, 2 hits, 0 errors, 0 left on base; Tijuana 8 - Calgary 1 |
BOTTOM OF THE 6TH |
Calgary Flames batting - Pitching for Tijuana Toros : LHP Yok-sing Zhào
|
Batting: LHB Garrett Dodge
|
0-0: Ball 1-0: DOUBLE (Line Drive, 78XD, EV 105.6 MPH)
|
Batting: RHB Andre Thompson
|
0-0: Foul Ball, location: 2F 0-1: Swinging Strike 0-2: Ball 1-2: Strikes out looking
|
Batting: RHB Willie Torres
|
0-0: Ball 1-0: Ball 2-0: Foul Ball, location: 2F 2-1: Ball 3-1: SINGLE (Groundball, 6D, EV 101.9 MPH) Garrett Dodge to third
|
Batting: RHB Norinaga Yamakawakamatsu
|
0-0: Fly out, F8 (Flyball, 8LXD, EV 96.9 MPH) Runner from 3rd tags up, SCORES, no throw by CF
|
Batting: LHB Gary Corrales
|
0-0: Called Strike 0-1: Ball 1-1: Called Strike 1-2: Foul Ball, location: 2F 1-2: Ball 2-2: Strikes out looking
|
Bottom of the 6th over - 1 run, 2 hits, 0 errors, 1 left on base; Tijuana 8 - Calgary 2 |
TOP OF THE 7TH |
Tijuana Toros batting - Pitching for Calgary Flames : RHP Danny Araiza
|
Batting: RHB Guo Kwok
|
0-0: Ball 1-0: Swinging Strike 1-1: Ground out 5-3 (Groundball, 56, EV 101.9 MPH)
|
Batting: RHB John Hanson
|
0-0: Ball 1-0: Called Strike 1-1: Foul Ball, location: 2F 1-2: Ball 2-2: Ball 3-2: Foul Ball, location: 2F 3-2: Strikes out swinging
|
Batting: RHB Will Barksdale
|
0-0: Called Strike 0-1: Foul Ball, location: 2F 0-2: Strikes out swinging
|
Top of the 7th over - 0 runs, 0 hits, 0 errors, 0 left on base; Tijuana 8 - Calgary 2 |
BOTTOM OF THE 7TH |
Calgary Flames batting - Pitching for Tijuana Toros : LHP Yok-sing Zhào
|
Batting: LHB Ben Landry
|
0-0: Called Strike 0-1: Ball 1-1: Swinging Strike 1-2: Ball 2-2: Fly out, F8 (Line Drive, 8LM, EV 96.2 MPH)
|
Batting: RHB Peter Frankel
|
0-0: Foul Ball, location: 2F 0-1: Foul Ball, location: 2F 0-2: Ball 1-2: Ball 2-2: Ball 3-2: SINGLE (Groundball, 56D, EV 98.8 MPH)
|
Batting: RHB Rod Johnson
|
0-0: Swinging Strike 0-1: Foul Ball, location: 2F 0-2: SINGLE (Line Drive, 89S, EV 101.2 MPH) Peter Frankel to second Throwing error, E9 Peter Frankel scores Rod Johnson to second
|
Batting: RHB Pablo Henriquez
|
0-0: Ball 1-0: Ball 2-0: Foul Ball, location: 2F 2-1: Ball 3-1: Called Strike 3-2: Base on Balls
|
Pitching: RHP Chris Nightingale
|
|
Batting: LHB Garrett Dodge
|
0-0: Ball 1-0: Ball 2-0: Foul Ball, location: 2F 2-1: Ball 3-1: Fly out, F8 (Flyball, 8LD, EV 99.4 MPH)
|
Batting: RHB Andre Thompson
|
0-0: Ball 1-0: Swinging Strike 1-1: Foul Ball, location: 2F 1-2: Ball 2-2: Foul Ball, location: 2F 2-2: Fly out, F8 (Line Drive, 8LM, EV 92.5 MPH)
|
Bottom of the 7th over - 1 run, 2 hits, 1 error, 2 left on base; Tijuana 8 - Calgary 3 |
TOP OF THE 8TH |
Tijuana Toros batting - Pitching for Calgary Flames : RHP Danny Araiza
|
Batting: RHB Tan-ming Kwan
|
0-0: Swinging Strike 0-1: Ball 1-1: Swinging Strike 1-2: Ball 2-2: Foul Ball, location: 2F 2-2: Foul Ball, location: 2F 2-2: Ball 3-2: Base on Balls
|
Pitching: LHP Randy Latendresse
|
|
Batting: RHB Jerry Afghani
|
0-0: Ball 1-0: Ball 2-0: Fly out, F8 (Flyball, 78M, EV 82.5 MPH)
|
Batting: RHB Shiki Nomoto
|
0-0: Ball 1-0: Fly out, F6 (Popup, 6, EV 61.2 MPH)
|
Batting: RHB Yok-sing Zhào
|
0-0: Swinging Strike 0-1: Ball 1-1: Ball 2-1: Ball 3-1: Foul Ball, location: 2F 3-2: Foul Ball, location: 2F 3-2: Strikes out looking
|
Top of the 8th over - 0 runs, 0 hits, 0 errors, 1 left on base; Tijuana 8 - Calgary 3 |
BOTTOM OF THE 8TH |
Calgary Flames batting - Pitching for Tijuana Toros : RHP Chris Nightingale
|
Batting: RHB Willie Torres
|
0-0: Called Strike 0-1: Swinging Strike 0-2: Fly out, F9 (Line Drive, 89M, EV 105.0 MPH)
|
Batting: RHB Norinaga Yamakawakamatsu
|
0-0: Ball 1-0: Ball 2-0: Swinging Strike 2-1: Swinging Strike 2-2: Strikes out swinging
|
Batting: LHB Gary Corrales
|
0-0: Ball 1-0: Foul Ball, location: 2F 1-1: SINGLE (Groundball, 4MD, EV 97.5 MPH)
|
Batting: LHB Ben Landry
|
0-0: SINGLE (Flyball, 5D, EV 91.9 MPH) Gary Corrales to second
|
Batting: RHB Peter Frankel
|
0-0: Swinging Strike 0-1: Ball 1-1: Ball 2-1: Ball 3-1: Called Strike 3-2: Strikes out swinging
|
Bottom of the 8th over - 0 runs, 2 hits, 0 errors, 2 left on base; Tijuana 8 - Calgary 3 |
TOP OF THE 9TH |
Tijuana Toros batting - Pitching for Calgary Flames : LHP Randy Latendresse
|
Batting: RHB Mario Diaz
|
0-0: Foul Ball, location: 2F 0-1: Foul Ball, location: 2F 0-2: Ball 1-2: Ball 2-2: Strikes out swinging
|
Batting: SHB Erick Hamburger
|
0-0: Ball 1-0: Called Strike 1-1: Called Strike 1-2: Ball 2-2: Strikes out swinging
|
Batting: RHB Guo Kwok
|
0-0: Called Strike 0-1: Foul Ball, location: 2F 0-2: Ball 1-2: Strikes out looking
|
Top of the 9th over - 0 runs, 0 hits, 0 errors, 0 left on base; Tijuana 8 - Calgary 3 |
BOTTOM OF THE 9TH |
Calgary Flames batting - Pitching for Tijuana Toros : RHP Chris Nightingale
|
Pinch Hitting: RHB Ahmed Elezi
|
0-0: Swinging Strike 0-1: Foul Ball, location: 2F 0-2: Ball 1-2: Foul Ball, location: 2F 1-2: Ball 2-2: Ball 3-2: SINGLE (Line Drive, 34D, EV 97.5 MPH)
|
Pinch Hitting: RHB Alejandro Patron
|
0-0: 2-RUN HOME RUN (Flyball, 7D, EV 107.5 MPH), Distance : 417 ft
|
Pitching: RHP Bill Dyck
|
|
Pinch Hitting: RHB Mick Vaught
|
0-0: Ball 1-0: Ground out 5-3 (Groundball, 56, EV 106.9 MPH)
|
Batting: RHB Andre Thompson
|
0-0: Ground out 6-3 (Groundball, 56, EV 107.5 MPH)
|
Batting: RHB Willie Torres
|
0-0: Called Strike 0-1: Ground out 6-3 (Groundball, 6, EV 89.4 MPH)
|
Bottom of the 9th over - 2 runs, 2 hits, 0 errors, 0 left on base; Tijuana 8 - Calgary 5 |
|